 Dungeon Crawl Stone Soup version 0.31-a0-702-gf82c85558f (webtiles) character file.

Game seed: 12980347272307305771

724 qw the Skirmisher (level 7, 0/44 HPs)
             Began as a Gargoyle Hunter on Sept 8, 2023.
             Killed by divine providence
             ... invoked by an orc priest
              (14 damage)
             ... on level 5 of the Dungeon.
             The game lasted 00:01:29 (2666 turns).

qw the Skirmisher (Gargoyle Hunter)                 Turns: 2666, Time: 00:01:30

Health: 0/44       AC: 14    Str: 14    XL:     7   Next: 71%
Magic:  7/7        EV: 12    Int: 10    God:
Gold:   110        SH:  0    Dex: 15    Spells: 6/6 levels left

rFire   . . .        Y - +0 shortbow (elec)
rCold   . . .        (shield currently unavailable)
rNeg    + . .        a - +3 leather armour
rPois   inf          f - +1 helmet
rElec   +            (no cloak)
rCorr   .            (no gloves)
SInv    .            j - +0 pair of boots
Will    .....        (no amulet)
Stlth   ++           (no ring)
HPRegen 0.27/turn    (no ring)
MPRegen 0.10/turn

%: no passive effects
@: no status effects
A: sickness immunity, AC +4, negative energy resistance 1, electricity
resistance, torment resistance 1, petrification resistance
a: no special abilities


You were on level 5 of the Dungeon.
You visited 1 branch of the dungeon, and saw 5 of its levels.

You collected 266 gold pieces.
You spent 156 gold pieces at shops.


Innate Abilities, Weirdness & Mutations

You are immune to sickness and miasma.
Your stone body is resilient. (AC +4)
You are immune to poison.
You resist negative energy. (rN+)
You are resistant to electric shocks. (rElec)
You are resistant to unholy torment.
You are immune to petrification.


   Skills:
 + Level 4.6 Fighting
 - Level 8.0 Ranged Weapons
 - Level 1.0 Armour
 - Level 2.3 Dodging
 - Level 1.1 Stealth


You had 6 spell levels left.
You didn't know any spells.
Your spell library was empty.

Inventory:

Hand Weapons
 Y - a +0 shortbow of electrocution (weapon)
Armour
 a - a +3 leather armour (worn)
 f - a +1 helmet (worn)
 j - a +0 pair of boots (worn)
Scrolls
 b - 2 scrolls of teleportation
 e - 6 scrolls of identify
Potions
 g - a potion of enlightenment
 h - a potion of mutation
 i - a potion of heal wounds
 m - a potion of resistance
 n - 3 potions of curing

Dungeon Overview and Level Annotations

Branches:
Dungeon (5/15)
 Temple: D:4-7

Altars:
Fedhas
Ru
Trog
Wu Jian
Xom

Shops:
D:2 !


Message History

The orc priest is heavily wounded.
You shoot an arrow. The arrow barely misses the orc priest.
The orc priest calls upon Beogh to heal the orc priest.
The orc priest is healed somewhat.
You shoot an arrow.
The arrow closely misses the orc priest.
The orc priest misses you.
You shoot an arrow.
The arrow closely misses the orc priest.
The arrow hits the orc.
The orc is moderately wounded.
The orc priest hits you but does no damage.
You shoot an arrow. The arrow hits the orc.
The orc is heavily wounded.
The orc closely misses you.
You shoot an arrow. The arrow barely misses the orc.
The orc priest hits you with a +0 short sword.
The orc hits you but does no damage.
You shoot an arrow. The arrow hits the orc.
Lightning courses through the orc!
You kill the orc!
The orc priest hits you but does no damage.
The orc priest completely misses you.
You shoot an arrow. The arrow hits the orc priest.
Lightning courses through the orc priest!
You kill the orc priest!
The orc priest misses you. Something hits you but does no damage.
You shoot an arrow.
The arrow closely misses the orc priest.
The orc priest hits you but does no damage.
Something hits you but does no damage.
You shoot an arrow.
The arrow closely misses the orc priest.
The orc priest miscasts a cantrip.
You hear some strange, mumbled words.
A puff of flame appears from out of thin air!
The puff of flame hits you!
You shoot an arrow. The arrow barely misses the orc priest.
The orc priest invokes the aid of Beogh against you.
Beogh smites you!
You die...

................. ..#
...#...........# #..#
###...........## #..#
##.............# #..#
##.............###
#..###...........#.....
#...#...........#......
#...{)........##......
######...o@........#.......
........#####..............
[..........................
######o....................
#.o##############.....
#...# #..... ...... #..#..
....... #..#.. ........
#..###


You could see an orc priest.

Vanquished Creatures
  Edmund (D:3)
  A phantom (D:4)
  2 scorpions
  A howler monkey (D:4)
  A hound (D:3)
  An orc priest (D:5)
  2 orc wizards
  An iguana (D:4)
  Natasha (thrice) (D:4)
  Robin (D:2)
  5 adders
  A shadow imp (D:5)
  3 worms
  6 dart slugs
  10 orcs
  9 bats
  2 endoplasms (D:4)
  5 giant cockroaches
  13 goblins
  11 hobgoblins
  2 quokkas
  7 ball pythons
  4 frilled lizards
  5 kobolds
  9 rats
106 creatures vanquished.

Notes
Turn   | Place    | Note
-------+----------+-------------------------------------------
     0 | D:1      | qw the Gargoyle Hunter began the quest for the Orb.
     0 | D:1      | Reached XP level 1. HP: 12/12 MP: 1/1
     0 | D:1      | 0 ||| qw: Version: 0.3-a-76-g4403597
     0 | D:1      | 0 ||| qw: Game counter: 1079
     0 | D:1      | 0 ||| qw: Melee chars always use a shield: true
     0 | D:1      | 0 ||| qw: God list: Okawaru
     0 | D:1      | 0 ||| qw: Allow faded altars: false
     0 | D:1      | 0 ||| qw: Do Orc after clearing Dungeon:15 true
     0 | D:1      | 0 ||| qw: Do second Lair branch before Depths: true
     0 | D:1      | 0 ||| qw: Lair rune preference: random
     0 | D:1      | 0 ||| qw: Goals: Normal
     0 | D:1      | 0 ||| PLANNING D:1-11
    94 | D:1      | Reached XP level 2. HP: 17/17 MP: 2/2
   266 | D:1      | Reached XP level 3. HP: 21/21 MP: 3/3
   284 | D:1      | Reached skill level 5 in Ranged Weapons
   567 | D:1      | 567 ||| READING scroll labelled ASTRUL PINKUAFO.
   568 | D:1      | 568 ||| READING 4 scrolls labelled AROQUN XIPT.
   569 | D:1      | 569 ||| READING scroll labelled PALUPR IRAQA.
   570 | D:1      | 570 ||| READING 2 scrolls labelled NUTREWAOTI.
   571 | D:1      | 571 ||| READING scroll of brand weapon.
   571 | D:1      | 571 ||| BRANDING +0 shortbow of freezing.
   572 | D:1      | 572 ||| READING scroll labelled KIATUOSUOC.
   573 | D:1      | 573 ||| READING scroll labelled WOPPONN NYGOT.
   574 | D:1      | 574 ||| READING scroll labelled IROSOCI DEDO.
   578 | D:1      | 578 ||| READING 2 scrolls labelled LYSOBO TAEVOOXANK.
   579 | D:1      | 579 ||| READING 3 scrolls of identify.
   579 | D:1      | 579 ||| IDENTIFYING silvery potion
   580 | D:1      | 580 ||| READING 2 scrolls of identify.
   580 | D:1      | 580 ||| IDENTIFYING sedimented white potion
   581 | D:1      | 581 ||| DROPPING scroll of butterflies.
   582 | D:1      | 582 ||| DROPPING potion of attraction.
   583 | D:1      | 583 ||| DROPPING scroll of revelation.
   828 | D:2      | Reached skill level 3 in Fighting
   828 | D:2      | Reached XP level 4. HP: 28/28 MP: 4/4
   839 | D:2      | Found Necue's Distillery.
   854 | D:2      | Noticed Robin
   859 | D:2      | Killed Robin
   887 | D:2      | 887 ||| BUYING potion of enlightenment (60 gold).
   887 | D:2      | Bought a potion of enlightenment for 60 gold pieces
   887 | D:2      | 887 ||| SHOPLISTING potion of haste (120 gold, have 109).
   887 | D:2      | 887 ||| BUYING potion of mutation (96 gold).
   887 | D:2      | Bought a potion of mutation for 96 gold pieces
   887 | D:2      | 887 ||| SHOPLISTING potion of mutation (96 gold, have 13).
   887 | D:2      | 887 ||| SHOPLISTING potion of resistance (120 gold, have
                  | 13).
  1334 | D:2      | 1334 ||| UPGRADING to +3 leather armour.
  1344 | D:2      | 1344 ||| DROPPING +0 leather armour.
  1345 | D:2      | 1345 ||| UPGRADING to +0 helmet.
  1350 | D:2      | 1350 ||| UPGRADING to +0 pair of boots.
  1355 | D:2      | 1355 ||| READING scroll of enchant armour.
  1355 | D:2      | 1355 ||| ENCHANTING +0 helmet.
  1356 | D:2      | 1356 ||| READING 2 scrolls of identify.
  1356 | D:2      | 1356 ||| IDENTIFYING gluggy blue potion
  1371 | D:3      | 1371 ||| STAIRDANCE
  1376 | D:3      | 1376 ||| STAIRDANCE
  1384 | D:2      | Reached XP level 5. HP: 32/32 MP: 5/5
  1391 | D:2      | Reached skill level 1 in Armour
  1393 | D:3      | 1393 ||| STAIRDANCE
  1556 | D:3      | Reached skill level 6 in Ranged Weapons
  1847 | D:3      | 1847 ||| READING 4 scrolls of identify.
  1847 | D:3      | 1847 ||| IDENTIFYING bubbling white potion
  1944 | D:4      | Noticed Natasha
  1945 | D:4      | 1945 ||| RETREATING.
  1947 | D:4      | 1947 ||| Stepping ~*~*~tactically~*~*~ (retreating).
  1948 | D:4      | 1948 ||| Stepping ~*~*~tactically~*~*~ (retreating).
  1949 | D:4      | 1949 ||| Stepping ~*~*~tactically~*~*~ (retreating).
  1950 | D:4      | 1950 ||| Stepping ~*~*~tactically~*~*~ (retreating).
  1951 | D:4      | 1951 ||| Stepping ~*~*~tactically~*~*~ (retreating).
  1952 | D:4      | 1952 ||| Stepping ~*~*~tactically~*~*~ (retreating).
  1953 | D:4      | 1953 ||| Stepping ~*~*~tactically~*~*~ (retreating).
  1955 | D:4      | Reached XP level 6. HP: 31/38 MP: 6/6
  1957 | D:4      | Killed Natasha
  1957 | D:4      | Noticed Edmund
  1959 | D:4      | 1959 ||| FLEEEEING.
  1960 | D:4      | 1960 ||| FLEEEEING.
  1965 | D:4      | 1965 ||| FLEEEEING.
  1966 | D:4      | 1966 ||| FLEEEEING.
  1967 | D:4      | 1967 ||| FLEEEEING.
  1968 | D:4      | 1968 ||| FLEEEEING.
  1969 | D:4      | 1969 ||| FLEEEEING.
  1970 | D:4      | 1970 ||| FLEEEEING.
  1971 | D:4      | 1971 ||| STAIRDANCE
  1986 | D:3      | 1986 ||| READING scroll labelled JUPIYL WESMOI.
  1989 | D:4      | 1989 ||| STAIRDANCE
  1996 | D:3      | Killed Edmund
  1997 | D:3      | Reached skill level 7 in Ranged Weapons
  2088 | D:4      | Reached XP level 7. HP: 43/43 MP: 7/7
  2111 | D:4      | Found a sacrificial altar of Ru.
  2124 | D:4      | Noticed Natasha
  2129 | D:4      | Killed Natasha
  2333 | D:4      | Noticed Natasha
  2338 | D:4      | Killed Natasha
  2476 | D:4      | Found a shimmering altar of Xom.
  2476 | D:4      | Found a blossoming altar of Fedhas.
  2478 | D:4      | Found a bloodstained altar of Trog.
  2479 | D:4      | Found an ornate altar of the Wu Jian Council.
  2485 | D:4      | 2485 ||| DROPPING +1 helmet.
  2486 | D:4      | 2486 ||| READING scroll labelled LATEZA XUZEWNEXZE.
  2525 | D:5      | Entered Level 5 of the Dungeon
  2527 | D:5      | Reached skill level 8 in Ranged Weapons
  2645 | D:5      | 2645 ||| Stepping ~*~*~tactically~*~*~ (outnumbered).
  2647 | D:5      | 2647 ||| Stepping ~*~*~tactically~*~*~ (outnumbered).
  2650 | D:5      | 2650 ||| RETREATING.
  2655 | D:5      | 2655 ||| Stepping ~*~*~tactically~*~*~ (outnumbered).
  2666 | D:5      | Killed from afar by an orc priest

Levels and vault maps discovered:
D:1:      matt_arrival_spirals, layout_rooms, corexii_hall_statues_x,
          minmay_pentomino_t4
D:2:      layout_basic, serial_shops, nicolae_shop_waterfront,
          dk_noncrumbling_3, uniq_robin
D:3:      layout_rooms
D:4:      layout_cave_pools, mainiacjoe_overflow_alcove_3,
          mainiacjoe_overflow_small_starburst, minmay_bisected, uniq_natasha,
          uniq_edmund
D:5:      layout_cave_pods, temple_green, dilly_guarded_unrand_throatcut

Skill      XL: |  1  2  3  4  5  6  7 |
---------------+----------------------+-----
Ranged Weapons | 5 6 7 8 |  8.0
Fighting       | 3 4 |  4.6
Armour         | 1 |  1.0
Dodging        | 2 |  2.3
Stealth        | |  1.1

Action                     |  1- 3 |  4- 6 |  7- 9 || total
---------------------------+-------+-------+-------++-------
   Fire: Shortbow          |    74 |   177 |    68 ||   319
    Use: Scroll            |    11 |     4 |     1 ||    16
 Armour: Leather armour    |    12 |    38 |    20 ||    70
  Dodge: Dodged            |    11 |    44 |    16 ||    71

Table legend:
 A = Non-vault XP
 B = Vault XP
 C = Vault XP percentage of total XP
 D = Non-vault monster count
 E = Vault monster count
 F = Vault count percentage of total count
                 A         B        C        D         E       F
            +---------+---------+-------+---------+---------+-------
      Total |     748 |     287 |  27.7 |      87 |      19 |  17.9
            +---------+---------+-------+---------+---------+-------
        D:1 |      41 |       8 |  16.3 |      23 |       3 |  11.5
        D:2 |      85 |      35 |  29.2 |      20 |      12 |  37.5
        D:3 |      92 |     154 |  62.6 |      20 |       1 |   4.8
        D:4 |     375 |      90 |  19.4 |      19 |       3 |  13.6
        D:5 |     155 |       0 |   0.0 |       5 |       0 |   0.0
            +---------+---------+-------+---------+---------+-------
